 Dungeon Crawl Stone Soup version 0.31-a0-152-g6aa68a64a1 (webtiles) character file.

Game seed: 16724215116258295102

576 Anon1729 the Trooper (level 7, -3/62 HPs)
             Began as a Minotaur Monk on June 9, 2023.
             Slain by a gnoll
             ... wielding a +0 flail
              (7 damage)
             ... on level 5 of the Dungeon.
             The game lasted 00:02:10 (3177 turns).

Anon1729 the Trooper (Minotaur Monk)                Turns: 3177, Time: 00:02:10

Health: -3/62      AC:  2    Str: 16    XL:     7   Next: 13%
Magic:  7/7        EV: 14    Int:  7    God:
Gold:   229        SH:  0    Dex: 14    Spells: 6/6 levels left

rFire   . . .        j - +0 long sword
rCold   . . .        c - orb {light}
rNeg    . . .        a - +0 robe
rPois   .            (helmet restricted)
rElec   .            (no cloak)
rCorr   .            (no gloves)
SInv    .            (no boots)
Will    .....        (no amulet)
Stlth   +            (no ring)
HPRegen 0.30/turn    (no ring)
MPRegen 0.10/turn

%: no passive effects
@: glowing
A: horns 2, retaliatory headbutt
a: no special abilities


You were on level 5 of the Dungeon.
You visited 1 branch of the dungeon, and saw 5 of its levels.

You collected 229 gold pieces.

Inventory:

Hand Weapons
 j - a +0 long sword (weapon)
Armour
 a - a +0 robe (worn)
 c - an orb of light (worn)
Scrolls
 f - 2 scrolls of identify {unknown}
 h - a scroll of blinking {unknown}
 i - a scroll of poison {unknown}
 k - a scroll of vulnerability {unknown}
 l - a scroll of fog {unknown}
 m - a scroll of teleportation {unknown}
Potions
 b - a potion of ambrosia
 d - a potion of magic {unknown}
 e - 3 potions of heal wounds {unknown}
 g - 3 potions of haste {unknown}
 n - a potion of curing {unknown}


   Skills:
 + Level 5.8 Fighting
 + Level 3.5 Long Blades
 + Level 3.2 Armour
 + Level 5.1 Dodging
 - Level 3.7 Unarmed Combat
 + Level 2.5 Invocations


You had 6 spell levels left.
You didn't know any spells.
Your spell library contained the following spells:

 Spells                   Type           Power      Damage    Failure   Level
 Shock                    Conj/Air       0%         1d3       43%         1
 Slow                     Hex            0%         N/A       43%         1
 Static Discharge         Conj/Air       0%         2-2/arc   56%         2
 Confusing Touch          Hex            0%         N/A       80%         3
 Swiftness                Air            0%         N/A       80%         3
 Vampiric Draining        Necr           0%         2d6       80%         3
 Airstrike                Air            0%         2d(0-16)  99%         4
 Summon Lightning Spire   Summ/Air       0%         N/A       99%         4


Dungeon Overview and Level Annotations

Branches:
Dungeon (5/15)
 Temple: D:4-7

Altars:
Elyvilon
Makhleb
Wu Jian


Innate Abilities, Weirdness & Mutations

You have a pair of horns on your head.
You reflexively headbutt those who attack you in melee.


Message History

m - a scroll labelled TIESERECWO
n - a bubbling yellow potion You open the door. 4 gnolls come into view.
The gnoll shouts! x3
There are monsters nearby!
Found a stone staircase leading up.
The gnoll closely misses you.
There is an open door here.
You hit the gnoll but do no damage. You headbutt the gnoll.
The gnoll is moderately wounded.
The gnoll hits you with a +0 flail! The gnoll barely misses you.
The gnoll hits you with a +0 halberd! The gnoll hits you with a +0 flail.
You hit the gnoll.
The gnoll is moderately wounded.
The gnoll barely misses you.
The gnoll hits you from afar with a +0 spear.
The gnoll hits you with a +0 flail! The gnoll closely misses you.
You furiously retaliate!
You headbutt the gnoll! The gnoll barely misses you.
The gnoll hits you with a +0 flail!
* * * LOW HITPOINT WARNING * * *
The gnoll barely misses you. The gnoll hits you with a +0 flail!
* * * LOW HITPOINT WARNING * * *
You are too injured to fight recklessly!
You are too injured to fight recklessly!
You are too injured to fight recklessly!
You are too injured to fight recklessly!
You are too injured to fight recklessly!
You are too injured to fight recklessly!
You are too injured to fight recklessly!
You are too injured to fight recklessly!
You are too injured to fight recklessly!
You are too injured to fight recklessly!
You are too injured to fight recklessly!
You are too injured to fight recklessly!
You are too injured to fight recklessly!
The gnoll attacks as you move away! The gnoll barely misses you.
The gnoll completely misses you. The gnoll attacks as you move away!
The gnoll closely misses you. The gnoll attacks as you move away!
The gnoll hits you with a +0 flail!
You die...

######## #......#
+......# #.g.g.<#
#####+######g########
#...<.)...@g........#
#....)).............#
#[..................#
#...................+
#...................#
##......####+######..
#......# . #..<...#
#......#


You could see 3 gnolls.

Vanquished Creatures
  A sky beast (D:4)
  An ogre (D:4)
  3 scorpions (D:4)
  An orc priest (D:5)
  A hound (D:4)
  2 iguanas (D:4)
  A gnoll (D:1)
  An adder (D:2)
  An ufetubus (D:4)
  4 worms
  3 dart slugs
  6 orcs
  9 ball pythons
  7 endoplasms
  7 giant cockroaches
  5 goblins
  4 hobgoblins
  4 quokkas
  8 bats
  2 frilled lizards
  5 kobolds
  3 rats
79 creatures vanquished.

Notes
Turn   | Place    | Note
-------+----------+-------------------------------------------
     0 | D:1      | Anon1729 the Minotaur Monk began the quest for the Orb.
     0 | D:1      | Reached XP level 1. HP: 19/19 MP: 0/0
   128 | D:1      | Reached XP level 2. HP: 23/27 MP: 1/1
   350 | D:1      | Reached XP level 3. HP: 33/33 MP: 2/2
   886 | D:2      | Reached skill level 1 in Long Blades
  1123 | D:2      | Reached XP level 4. HP: 41/41 MP: 3/3
  1557 | D:3      | Found a faded altar of an unknown god.
  2029 | D:4      | Noticed a sky beast
  2035 | D:4      | Killed a sky beast
  2036 | D:4      | Reached skill level 1 in Armour
  2036 | D:4      | Reached skill level 1 in Invocations
  2036 | D:4      | Reached XP level 5. HP: 19/47 MP: 4/4
  2155 | D:4      | Reached skill level 5 in Fighting
  2180 | D:4      | Noticed an ogre
  2185 | D:4      | Killed an ogre
  2186 | D:4      | Reached XP level 6. HP: 56/56 MP: 6/6
  2191 | D:4      | Found a white marble altar of Elyvilon.
  2203 | D:4      | Found a burning altar of Makhleb.
  2233 | D:4      | Found an ornate altar of the Wu Jian Council.
  2643 | D:4      | Reached skill level 5 in Dodging
  3022 | D:4      | Reached XP level 7. HP: 59/62 MP: 7/7
  3045 | D:5      | Entered Level 5 of the Dungeon
  3177 | D:5      | Slain by a gnoll

Illustrated notes

Levels and vault maps discovered:
D:1:      dpeg_arrival_rooms_b, layout_loops_ring,
          minmay_misc_feat_secret_circle, minmay_tripent
D:2:      layout_loops_ring
D:3:      layout_basic, serial_corexii_hall, chequers_hall_statues_y,
          corexii_hall_statues_x, ebering_ecumenical_altar_mist
D:4:      layout_loops_ring, nzn_wu_jian_contemplation,
          mainiacjoe_overflow_catch_the_wave, kennysheep_cross_bottleneck
D:5:      layout_gridville, minmay_temple_entry_mini_moons,
          chequers_serial_rivers_marsh

Skill      XL: |  1  2  3  4  5  6 |
---------------+-------------------+-----
Fighting       | 4 5 |  5.8
Dodging        | 4 5 |  5.1
Long Blades    | 1 2 3 |  3.5
Armour         | 1 2 3 |  3.2
Invocations    | 1 2 |  2.5
Unarmed Combat | |  3.7

Action                     |  1- 3 |  4- 6 |  7- 9 || total
---------------------------+-------+-------+-------++-------
  Melee: Unarmed           |    35 |       |       ||    35
         Headbutt          |    15 |    16 |     3 ||    34
         Long sword        |    31 |    76 |    10 ||   117
 Armour: Robe              |    11 |     5 |       ||    16
  Dodge: Dodged            |    39 |    61 |    15 ||   115

Table legend: (Time is in decaauts)
 A = Elapsed time spent in this place.
 B = Non-inter-level travel time spent in this place.
 C = Inter-level travel time spent in this place.
 D = Time resting spent in this place.
 E = Time spent auto-exploring this place.
 F = Levels seen in this place.
 G = Mean time per level.
                   A        B        C        D        E       F      G
               +--------+--------+--------+--------+--------+-----+--------+
         Total |   3209 |   3092 |    117 |    169 |   2481 |   5 |  641.8 |
       Dungeon |   3209 |   3092 |    117 |    169 |   2481 |   5 |  641.8 |
               +--------+--------+--------+--------+--------+-----+--------+

Top non-repeatable levels by time:
     D:4: 1028 daAuts
     D:1: 759 daAuts
     D:3: 657 daAuts
     D:2: 630 daAuts
     D:5: 134 daAuts
